 Dungeon Crawl Stone Soup version 0.31.0-32-g396128a36d (webtiles) character file.

Game seed: 1634378355052035575

12034 tizbic2 the Fighter (level 11, -3/92 (99) HPs)
             Began as a Minotaur Shapeshifter on Mar 26, 2024.
             Was an Initiate of Gozag.
             Slain by an orc sorcerer
             ... wielding a +6 dagger
              (7 damage)
             ... on level 2 of the Orcish Mines.
             The game lasted 00:37:02 (8707 turns).

tizbic2 the Fighter (Minotaur Shapeshifter)         Turns: 8707, Time: 00:37:04

HP:   -3/92 (99)    AC: 19    Str: 27    XL:     11   Next: 57%
MP:   10/10         EV: 12    Int:  7    God:    Gozag
Gold: 1644          SH:  0    Dex: 16    Spells: 10/10 levels left

rFire   . . .        w - +10 triple crossbow of Gakae {heavy, Str+4 Dex+3}
rCold   . . .        (shield currently unavailable)
rNeg    . . .        S - +4 chain mail
rPois   +            r - +2 hat
rElec   .            u - +0 cloak
rCorr   .            m - +1 pair of gloves {Dex+3}
SInv    .            (no boots)
Will    .....        j - amulet of the acrobat Stlth
                     P - ring of poison resistance
HPRegen 0.35/turn    (no ring)
MPRegen 0.12/turn

%: acrobat
@: drained
A: horns 2, retaliatory headbutt
a: Renounce Religion, Potion Petition, Call Merchant, Bribe Branch


You were on level 2 of the Orcish Mines.
You worshipped Gozag.
Gozag was most pleased with you.
You visited 3 branches of the dungeon, and saw 12 of its levels.
You also visited: Ossuary and Bailey.

You collected 2676 gold pieces.
You spent 986 gold pieces at shops.
You paid 46 gold pieces to Gozag.

Inventory:

Hand Weapons
 a - a +5 quarterstaff of protection
 f - a +0 broad axe
 v - a +1 antimagic hand axe
 w - the +10 triple crossbow of Gakae (weapon) {heavy, Str+4 Dex+3}
   (You bought it in a shop on level 9 of the Dungeon)

   Str+4:     It affects your strength (+4).
   Dex+3:     It affects your dexterity (+3).
 E - a +2 vampiric whip
 U - a +2 orcbow of flaming
Missiles
 R - 12 poisoned darts
Armour
 m - a +1 pair of gloves of dexterity (worn)
 r - a +2 hat (worn)
 u - a +0 cloak (worn)
 O - a +1 chain mail of positive energy
 S - a +4 chain mail (worn)
 V - the +1 scale mail of Romialah {rN+}
   (You found it in a bailey)

   rN+:       It protects you from negative energy.
Jewellery
 i - a ring of wizardry
 j - an amulet of the acrobat (around neck)
 l - a ring of fire
 P - a ring of poison resistance (left hand)
 W - a ring of ice
Talismans
 c - a beast talisman
 d - a flux talisman
 x - a blade talisman
 M - a maw talisman
Wands
 n - a wand of roots (4)
 L - a wand of flame (37)
Scrolls
 g - a scroll of brand weapon
 h - 2 scrolls of teleportation
 k - 6 scrolls of immolation
 q - a scroll of noise
 y - a scroll of identify
 A - 4 scrolls of vulnerability
 B - a scroll of blinking {unknown}
 H - a scroll of poison {unknown}
 I - a scroll of fear {unknown}
 J - a scroll of revelation {unknown}
 K - a scroll of fog
 N - a scroll of acquirement {unknown}
 X - a scroll of torment {unknown}
Potions
 b - 4 potions of lignification
 e - 2 potions of attraction
 o - 5 potions of might
 p - 2 potions of invisibility {unknown}
 t - a potion of degeneration {unknown}
 z - 2 potions of haste
 C - 3 potions of enlightenment
 D - a potion of resistance {unknown}
 F - 2 potions of curing
 G - 2 potions of mutation {unknown}
 Q - a potion of berserk rage {unknown}
 T - a potion of brilliance {unknown}


   Skills:
 + Level 9.9 Fighting
 - Level 3.0(5.7) Maces & Flails
 - Level 7.7(8.0) Staves
 * Level 7.0 Ranged Weapons
 + Level 5.3 Armour
 - Level 7.8 Dodging
 - Level 3.7 Unarmed Combat
 + Level 8.7 Shapeshifting


You had 10 spell levels left.
You didn't know any spells.
Your spell library contained the following spells:

 Spells                   Type           Power      Damage    Failure   Level
 Apportation              Tloc           0%         N/A       90%         1
 Necrotise                Necr           0%         1d4       90%         1
 Sting                    Conj/Alch      0%         1d3       90%         1
 Summon Small Mammal      Summ           0%         N/A       90%         1
 Jinxbite                 Hex            0%         N/A       97%         2
 Stone Arrow              Conj/Erth      0%         3d7       99%         3
 Animate Armour           Summ/Erth      0%         N/A       100%        4
 Summon Forest            Summ/Tloc      0%         N/A       100%        5
 Yara's Violent Unravell  Hex/Alch       0%         3d3       100%        5
 Enfeeble                 Hex            0%         N/A       100%        7
 Malign Gateway           Summ/Tloc      0%         N/A       100%        7
 Lehudib's Crystal Spear  Conj/Erth      0%         10d2      100%        8


Dungeon Overview and Level Annotations

Branches:
Dungeon (9/15)             Temple (1/1) D:6            Lair (0/5) D:8
    Orc (2/2) D:9             Elf (0/3) Orc:2       Ossuary (visited)
 Bailey (visited)

Altars:
Ashenzari
Cheibriados
Dithmenos
Elyvilon
Fedhas
Gozag
Hepliaklqana
Kikubaaqudgha
Makhleb
Nemelex Xobeh
Okawaru
Qazlal
Ru
Sif Muna
Trog
Uskayaw
Vehumet
Wu Jian
Xom
Yredelemnul
Zin
The Shining One

Shops:
D:2 !   D:9 (


Innate Abilities, Weirdness & Mutations

You have a pair of horns on your head.
You reflexively headbutt those who attack you in melee.


Message History

The bolt hits the orc sorcerer but does no damage.
The orc sorcerer is moderately wounded.
The orc sorcerer points at you and mumbles some strange words.
The bolt of fire hits you!!
* * * LOW HITPOINT WARNING * * *
The orc sorcerer mumbles some strange words.
The ynoxinul gestures.
Fire: w) +10 triple crossbow of Gakae {heavy, Str+4 Dex+3}
Press: ? - help, Q - select action, (/) - cycle Shift-Dir - straight line, f/p - orc sorcerer
Aim: an orc sorcerer, wielding a +6 dagger and wearing a +2 robe of willpower (moderately wounded, 67% to hit)
You shoot a bolt. The bolt hits the chaos spawn!!!
You kill the chaos spawn!
The chaos spawn degenerates into a cloud of primal chaos!
The ynoxinul gestures at you. The iron shot hits you!
* * * LOW HITPOINT WARNING * * *
The orc sorcerer is engulfed in seething chaos.
The orc sorcerer points at you and mumbles some strange words.
The bolt of fire misses you.
Fire: w) +10 triple crossbow of Gakae {heavy, Str+4 Dex+3}
Press: ? - help, Q - select action, (/) - cycle Shift-Dir - straight line, f/p - orc sorcerer
Aim: an orc sorcerer, wielding a +6 dagger and wearing a +2 robe of willpower (moderately wounded, 67% to hit)
You shoot a bolt. The bolt hits the ynoxinul!!!
You kill the ynoxinul!
The ynoxinul disappears in a puff of smoke!
The ufetubus disappears in a puff of smoke!
The ufetubus disappears in a puff of smoke!
The orc sorcerer completely misses you. You furiously retaliate!
You headbutt the orc sorcerer.
Fire: w) +10 triple crossbow of Gakae {heavy, Str+4 Dex+3}
Press: ? - help, Q - select action, (/) - cycle Shift-Dir - straight line, f/p - orc sorcerer
Aim: an orc sorcerer, wielding a +6 dagger and wearing a +2 robe of willpower (heavily wounded, 67% to hit)
You shoot a bolt. The bolt hits the orc sorcerer.
The orc sorcerer is heavily wounded.
The orc sorcerer completely misses you.
The orc sorcerer hits you with a +6 dagger.
* * * LOW HITPOINT WARNING * * *
The orc sorcerer hits you with a +6 dagger!
You die...
Your body crumbles into a pile of gold.

#......)....####
...#....)......##.##
.......)...........##
....................##
.........###.........##
...........##.........#
....................###
.........#.##.......#
..........#....o@..##
..>..........$$$.##.##
#....^.........#
#.......##.##.##
#.....$..######
#.......## ###.#####
#$${# #oo..#


You could see an orc sorcerer.

Vanquished Creatures
  2 two-headed ogres (Orc:1)
  2 orc sorcerers (Orc:2)
  Joseph (D:7)
  2 kobold blastminers (Orc:2)
  A gargoyle (Bailey)
  A komodo dragon (D:7)
  A troll (D:9)
  Grinder (D:4)
  6 yaks (D:9)
  2 wyverns (D:8)
  A vampire (Bailey)
  Eustachio (D:4)
  An acid dragon (D:9)
  2 water moccasins (D:7)
  10 orc warriors
  A sky beast (D:7)
  2 black bears
  An ice beast (D:6)
  8 ogres
  3 centaurs
  A kobold brigand (D:9)
  Blork the orc (D:4)
  2 bullfrogs
  A gnoll sergeant (D:6)
  11 scorpions
  3 wights (D:7)
  Dowan (D:6)
  14 killer bees
  6 vampire bats (Bailey)
  7 wolf zombies (Bailey)
  An electric eel (D:7)
  A centaur zombie (Ossuary)
  A human zombie (Ossuary)
  3 hounds
  2 jellies
  12 orc priests
  Crazy Yiuf (D:3)
  17 orc wizards
  8 iguanas
  8 scorpion zombies (Ossuary)
  4 mummies
  9 gnolls
  8 adders
  A shadow imp (D:8)
  3 ufetubi (D:6)
  3 adder zombies
  An adder skeleton (D:3)
  3 ribbon worms
  2 dart slugs
  48 orcs
  6 bats
  10 endoplasms
  5 giant cockroaches
  2 gnoll zombies (Ossuary)
  6 goblins
  6 hobgoblins
  2 jackals (D:5)
  A quokka (D:1)
  8 ball pythons
  A ball python skeleton (D:3)
  4 ball python zombies
  8 frilled lizards
  A goblin zombie (D:5)
  A jackal zombie (Ossuary)
  11 kobolds
  A kobold zombie (D:5)
  22 orc zombies
  2 quokka zombies (D:3)
  5 rats
334 creatures vanquished.

Vanquished Creatures (others)
  Duvessa (D:6)
1 creature vanquished.

Grand Total: 335 creatures vanquished

Notes
Turn   | Place    | Note
-------+----------+-------------------------------------------
     0 | D:1      | tizbic2 the Minotaur Shapeshifter began the quest for the
                  | Orb.
     0 | D:1      | Reached XP level 1. HP: 16/16 MP: 0/0
   136 | D:1      | Reached XP level 2. HP: 23/23 MP: 1/1
   596 | D:2      | Reached XP level 3. HP: 24/29 MP: 2/2
   807 | D:2      | Reached skill level 2 in Fighting
   940 | D:2      | Reached skill level 1 in Staves
   987 | D:2      | Found Myan's Distillery.
  1400 | D:3      | Found a blossoming altar of Fedhas.
  1400 | D:3      | Found an opulent altar of Gozag.
  1435 | D:3      | Became a worshipper of Gozag Ym Sagoz the Greedy
  1445 | D:3      | Reached XP level 4. HP: 36/36 MP: 3/3
  1678 | D:3      | Found a runed translucent door.
  1679 | D:3      | Noticed Crazy Yiuf
  1687 | D:3      | Killed Crazy Yiuf
  1688 | D:3      | Reached XP level 5. HP: 42/42 MP: 4/4
  1795 | D:3      | Reached skill level 3 in Fighting
  1878 | D:3      | Reached XP level 6. HP: 51/51 MP: 5/5
  2043 | D:4      | Noticed Grinder
  2054 | D:4      | Paralysed by Grinder for 4 turns
  2060 | D:4      | Paralysed by Grinder for 2 turns
  2064 | D:4      | Killed Grinder
  2149 | D:4      | Noticed Blork the orc
  2158 | D:4      | Killed Blork the orc
  2159 | D:4      | Reached skill level 4 in Fighting
  2159 | D:4      | Reached XP level 7. HP: 33/59 MP: 6/6
  2250 | D:4      | Noticed Eustachio
  2269 | D:4      | Killed Eustachio
  2310 | D:4      | Found a hazy altar of Hepliaklqana.
  2310 | D:4      | Found a bloodstained altar of Trog.
  2892 | D:4      | Reached skill level 5 in Shapeshifting
  2969 | D:5      | Entered Level 5 of the Dungeon
  2982 | D:5      | Reached XP level 8. HP: 67/67 MP: 7/7
  3020 | D:5      | Found a sand-covered staircase.
  3030 | D:5      | Reached skill level 5 in Fighting
  3035 | Ossuary  | Entered an ossuary
  3130 | Ossuary  | Reached skill level 5 in Dodging
  3202 | Ossuary  | Reached skill level 5 in Staves
  3415 | Ossuary  | Reached skill level 6 in Fighting
  3777 | D:5      | Found a glowing silver altar of Zin.
  3887 | D:5      | Reached XP level 9. HP: 75/75 MP: 8/8
  4028 | D:6      | Found a staircase to the Ecumenical Temple.
  4090 | D:6      | Noticed Duvessa
  4090 | D:6      | Noticed Dowan
  4096 | D:6      | Killed Duvessa
  4099 | D:6      | Killed Dowan
  4519 | Temple   | Entered the Ecumenical Temple
  4863 | D:7      | Reached skill level 7 in Fighting
  4875 | D:7      | Noticed Joseph
  4890 | D:7      | Killed Joseph
  5128 | D:7      | HP: 3/79 [poisoned by a water moccasin]
  5398 | D:7      | Found a sparkling altar of Nemelex Xobeh.
  5450 | D:7      | Reached XP level 10. HP: 70/88 MP: 9/9
  5898 | D:8      | Reached skill level 8 in Fighting
  5898 | D:8      | Reached skill level 1 in Maces & Flails
  6062 | D:8      | Found a staircase to the Lair.
  6213 | D:8      | Found a glowing golden altar of the Shining One.
  6414 | D:9      | Found a staircase to the Orcish Mines.
  6419 | D:9      | Found Piytz's Weapon Shoppe.
  6463 | D:9      | Bought the +10 triple crossbow of Gakae {heavy, Str+4
                  | Dex+3} for 986 gold pieces
  6482 | D:9      | Reached skill level 1 in Ranged Weapons
  6496 | D:9      | Reached skill level 1 in Armour
  6516 | D:9      | Found a flagged portal.
  6537 | Bailey   | Entered a bailey
  6604 | Bailey   | Got the Secrets of Felsic Transposition
  6634 | Bailey   | Noticed a gargoyle
  6639 | Bailey   | Killed a gargoyle
  6891 | Bailey   | Identified the +1 scale mail of Romialah {rN+}
  7702 | D:9      | Reached skill level 9 in Fighting
  7712 | D:9      | Reached XP level 11. HP: 54/97 MP: 10/10
  8173 | Orc:1    | Entered Level 1 of the Orcish Mines
  8187 | Orc:1    | Reached skill level 5 in Ranged Weapons
  8385 | Orc:1    | Noticed a two-headed ogre
  8387 | Orc:1    | Noticed a two-headed ogre
  8388 | Orc:1    | Killed a two-headed ogre
  8393 | Orc:1    | Killed a two-headed ogre
  8601 | Orc:2    | Entered Level 2 of the Orcish Mines
  8627 | Orc:2    | Found a staircase to the Elven Halls.
  8664 | Orc:2    | Noticed an orc sorcerer
  8666 | Orc:2    | Killed an orc sorcerer
  8667 | Orc:2    | Reached skill level 5 in Armour
  8697 | Orc:2    | Noticed an orc sorcerer
  8699 | Orc:2    | Killed an orc sorcerer
  8702 | Orc:2    | Noticed an orc sorcerer
  8705 | Orc:2    | HP: 3/92 [ynoxinul/iron shot[an orc sorcerer] (9)]
  8707 | Orc:2    | Slain by an orc sorcerer

Illustrated notes

Levels and vault maps discovered:
D:1:      minmay_arrival_stone_box, layout_rooms
D:2:      layout_basic, serial_shops, shop, st_stairs_1
D:3:      layout_rooms, chequers_temple_overflow_statue_of_worship,
          serial_undead, serial_undead_b, serial_undead_a, serial_undead_f,
          serial_undead_a, uniq_crazy_yiuf_cottage
D:4:      minmay_evil_eye, layout_loops_ring, gammafunk_temple_overflow_statue,
          uniq_grinder, uniq_eustachio, uniq_blork_the_orc
D:5:      layout_basic, nicolae_overflow_crystal_walls,
          nicolae_ossuary_entry_giza
D:6:      layout_loops_ring, temple_fountains, uniq_duvessa
D:7:      layout_rooms, nemelex_altar_shiori, serial_bayou_ford_a,
          minmay_lizard_king, uniq_joseph
D:8:      layout_rooms, general_overflow_altar, lair_entry_dummy
D:9:      layout_long_grid, orc_david_3, enter_bailey_2,
          kennysheep_generic_room_13
Temple:   eino_wide_crystal_templ
Orc:1:    layout_caves
Orc:2:    st_orc_mages, layout_diamond_mine, serial_shops, shop, shop_statue,
          nicolae_shop_tiny_glass, gammafunk_ghost_arena, hangedman_minor_magic

Skill      XL: |  1  2  3  4  5  6  7  8  9 10 11 |
---------------+----------------------------------+-----
Fighting       | 2 3 4 6 7 9 |  9.9
Staves         | 1 2 3 4 5 7 |  7.7
Shapeshifting  | 3 4 5 6 7 8 |  8.7
Dodging        | 3 4 6 7 |  7.8
Maces & Flails | 3 |  3.0
Ranged Weapons | 4 7 |  7.0
Armour         | 3 5 |  5.3
Unarmed Combat | |  3.7

Action                     |  1- 3 |  4- 6 |  7- 9 | 10-12 || total
---------------------------+-------+-------+-------+-------++-------
  Melee: Unarmed           |    66 |    17 |    15 |       ||    98
         Headbutt          |     7 |     9 |    41 |    23 ||    80
         Punch             |     2 |       |       |       ||     2
         Quarterstaff      |       |    56 |   241 |    65 ||   362
         Whip              |       |       |       |    43 ||    43
         Hand axe          |       |       |       |     7 ||     7
         Broad axe         |       |       |       |     6 ||     6
   Fire: Triple crossbow   |       |       |       |   127 ||   127
  Evoke: Wand              |       |     2 |       |       ||     2
    Use: Scroll            |       |     3 |     6 |     8 ||    17
         Potion            |       |       |     2 |     5 ||     7
   Stab: Sleeping          |     1 |       |       |       ||     1
         Confused          |       |       |     1 |       ||     1
         Distracted        |       |       |     1 |       ||     1
 Armour: Animal skin       |    36 |       |       |       ||    36
         Robe              |     1 |     1 |       |       ||     2
         Leather armour    |       |    11 |       |       ||    11
         Chain mail        |       |    13 |   130 |   315 ||   458
         Skin              |       |       |    10 |       ||    10
  Dodge: Dodged            |    42 |    32 |   128 |   204 ||   406
   Form: Flux              |       |       |     3 |     1 ||     4
         Beast             |       |       |     3 |       ||     3
         Blade             |       |       |     1 |     1 ||     2
         Maw               |       |       |     1 |       ||     1
                           |       |       |       |     1 ||     1
